 Dungeon Crawl Stone Soup version 0.32-a0-931-g5a2cda0630 (webtiles) character file.

Game seed: 3572776074877479934

10796 Biggs the Grappler (level 11, -9/84 HPs)
             Began as a Demonspawn Fighter on Apr 14, 2024.
             Was a Priest of Wu Jian.
             Mangled by a sun demon (11 damage)
             ... summoned by an obsidian statue
             ... in a Gauntlet.
             The game lasted 00:32:32 (7397 turns).

Biggs the Grappler (Demonspawn Fighter)             Turns: 7397, Time: 00:32:32

Health: -9/84      AC: 11    Str: 20    XL:     11   Next: 40%
Magic:  11/11      EV: 11    Int:  8    God:    Wu Jian [***...]
Gold:   1333       SH: 11    Dex: 14    Spells: 10/10 levels left

rFire   . .          .
                       - Unarmed
rCold   + . .        b - +0 buckler
rNeg    . . .        p - +0 chain mail
rPois   .            (helmet restricted)
rElec   .            n - +0 cloak
rCorr   .            (no gloves)
SInv    .            G - +0 pair of boots
Will    .....        f - amulet of reflection Stlth
                     y - ring of flight
HPRegen 0.34/turn    A - ring of protection from cold
MPRegen 0.12/turn

%: no teleportation, reflection
@: agile, flying, wreathed by umbra
A: antennae 2, claws 2, powered by pain 1, weakness stinger 1, foul shadow 1
a: Renounce Religion, Wall Jump, Serpent's Lash


You were in a Gauntlet.
You worshipped Wu Jian.
Wu Jian was most pleased with you.
You visited 1 branch of the dungeon, and saw 11 of its levels.
You also visited: Bailey and Gauntlet.

You collected 1333 gold pieces.

Inventory:

Missiles
 j - 4 darts of dispersal (quivered)
 F - 12 poisoned darts
 H - 2 curare-tipped darts
Armour
 a - a +0 scale mail
 b - a +0 buckler (worn)
 e - a +0 pair of gloves
 h - a scarf of invisibility
 n - a +0 cloak (worn)
 p - a +0 chain mail (worn)
 G - a +0 pair of boots (worn)
Jewellery
 f - an amulet of reflection (around neck)
 o - a ring of fire
 y - a ring of flight (left claw)
 A - a ring of protection from cold (right claw)
 B - a +6 ring of intelligence
 I - a ring of willpower
Talismans
 M - a flux talisman
Wands
 z - a wand of charming (18)
 E - a wand of acid (9)
 L - a wand of roots (5)
Scrolls
 k - 2 scrolls of silence
 l - a scroll of poison
 r - a scroll of enchant armour
 s - 3 scrolls of teleportation
 v - 2 scrolls of blinking
 w - a scroll of amnesia
 D - 2 scrolls of revelation {unknown}
 K - a scroll of vulnerability {unknown}
Potions
 c - a potion of might
 d - a potion of magic {unknown}
 g - a potion of invisibility {unknown}
 i - a potion of haste {unknown}
 m - a potion of mutation {unknown}
 q - a potion of brilliance {unknown}
 t - a potion of curing
 u - a potion of degeneration {unknown}
 x - 3 potions of cancellation {unknown}
 C - 2 potions of heal wounds {unknown}
 J - a potion of experience {unknown}


   Skills:
 + Level 7.6 Fighting
 - Level 2.6 Armour
 - Level 8.0 Shields
 - Level 12.7 Unarmed Combat
 - Level 4.0 Shapeshifting


You had 10 spell levels left.
You didn't know any spells.
Your spell library contained the following spells:

 Spells                   Type           Power      Damage    Failure   Level
 Magic Dart               Conj           0%         1d3       99%         1
 Blink                    Tloc           0%         N/A       99%         2
 Call Imp                 Summ           0%         N/A       99%         2
 Lesser Beckoning         Tloc           0%         N/A       99%         2
 Momentum Strike          Conj/Tloc      0%         3d8       99%         2
 Dazzling Flash           Conj/Hex       0%         N/A       100%        3
 Hailstorm                Conj/Ice       0%         3d5       100%        3
 Summon Forest            Summ/Tloc      0%         N/A       100%        5
 Conjure Ball Lightning   Conj/Air       0%         3x3d6     100%        6
 Eringya's Noxious Bog    Alch           0%         4d6       100%        6
 Summon Hydra             Summ           0%         N/A       100%        7
 Discord                  Hex            0%         N/A       100%        8
 Disjunction              Tloc           0%         N/A       100%        8
 Dragon's Call            Summ           0%         N/A       100%        9


Dungeon Overview and Level Annotations

Branches:
Dungeon (11/15)              Lair (0/5) D:10         Bailey (visited)
Gauntlet (1/1)
 Temple: D:4-7          Orc: D:9-12

Altars:
Dithmenos
Gozag
Hepliaklqana
Okawaru
Wu Jian

Shops:
D:11 :

Annotations:
Gauntlet 13 transporters, 19 runed translucent doors, exclusions: obsidian statue and oklob plant


Innate Abilities, Weirdness & Mutations

You have a pair of antennae on your head.
You have very sharp fingernails.
You sometimes gain a little power by taking damage.
You have a small tail.
You are faintly shadowed, very rarely releasing foul flame when damaged in melee.


Message History

You enter the transporter and appear at another place.
The obsidian statue's eyes glow briefly.
Unknown command.
The obsidian statue's eyes glow briefly.
The iron imp shouts!
The iron imp grins evilly.
The white imp shouts, "Fly, thou unmuzzled dizzy-eyed clam!"
The iron imp puffs mist at you.
You scratch the sun demon.
The sun demon is lightly wounded.
You scratch the sun demon.
The sun demon is lightly wounded.
The sun demon hits you!
You are engulfed in flames!
You closely miss the sun demon.
Your tail-slap misses the sun demon.
The sun demon is lightly wounded.
You block the sun demon's attack.
You claw the sun demon!
The sun demon is moderately wounded.
The sun demon hits you but does no damage.
You scratch the sun demon but do no damage.
You tail-slap the sun demon, but do no damage.
The sun demon is moderately wounded.
The sun demon hits you but does no damage.
You closely miss the sun demon.
The sun demon is moderately wounded.
You block the sun demon's attack.
You miss the sun demon.
You tail-slap the sun demon, but do no damage.
The sun demon is moderately wounded.
The sun demon hits you!
You are engulfed in flames!
The sun demon hits you.
You are engulfed in flames!!
* * * LOW HITPOINT WARNING * * *
You focus on the pain.
You feel agile all of a sudden.
You mangle the sun demon!!
The sun demon is almost dead.
The sun demon hits you!
* * * LOW HITPOINT WARNING * * *
You are engulfed in flames!
You die...

.#.#..### ### ###
.#.#..#ß# #ß# #ß#
.#.#..###############
##.#..............#ß#
≈#.#..............####
##.#############....≈###
..©...........©#.....#ß#
####################.###
......D#.#......@35#.#
.......#.#.#...###.#.###
######.#.#...###.5.#.#ß#
#.#.#.##.#.#.#...#5#.###
..©....#.#.#..©#.#.#.#
.#.#.#.#.#...###...#.###
######.#.#.###...#.#.#ß#
......D#.#.#.{I#.#.#.###
.=©!$.w#.#..[5©.?..#.#


You could see a sun demon (summoned), 2 iron imps and a white imp (summoned).

Vanquished Creatures
  2 two-headed ogres
  Urug (D:11)
  A fire crab (Gauntlet)
  An oklob plant (Gauntlet)
  Pikel (D:5)
  2 kobold demonologists (Bailey)
  A troll (D:10)
  A hornet (D:9)
  Eustachio (D:5)
  A wyvern (D:9)
  14 yaks
  2 fire bats (Gauntlet)
  A steam dragon (D:8)
  2 acid dragons (Gauntlet)
  2 black bears
  An ice beast (D:8)
  10 orc warriors
  2 centaurs
  2 phantoms (D:4)
  A lemure (D:5)
  5 kobold brigands
  A bullfrog (D:8)
  A gnoll sergeant (D:7)
  A scorpion (D:5)
  10 wights
  10 killer bees
  2 howler monkeys (D:10)
  2 electric eels (Bailey)
  A jelly (D:5)
  3 bombardier beetles
  5 hounds
  An orc priest (D:7)
  Jessica (D:3)
  An orc wizard (D:11)
  7 gnolls
  6 adders
  2 ufetubi (D:7)
  3 dart slugs
  6 ribbon worms
  17 orcs
  3 ball pythons
  7 endoplasms
  5 giant cockroaches
  15 goblins
  12 hobgoblins
  8 jackals
  7 quokkas
  2 bats
  2 frilled lizards
  20 kobolds
  8 rats
223 creatures vanquished.

Notes
Turn   | Place    | Note
-------+----------+-------------------------------------------
     0 | D:1      | Biggs the Demonspawn Fighter began the quest for the Orb.
     0 | D:1      | Reached XP level 1. HP: 18/18 MP: 1/1
    41 | D:1      | Reached skill level 2 in Unarmed Combat
   124 | D:1      | Discovered your monstrous ancestry.
   124 | D:1      | Gained mutation: You have a pair of small antennae on your
                  | head. [demonic ancestry]
   124 | D:1      | Reached XP level 2. HP: 20/24 MP: 2/2
   245 | D:1      | Reached skill level 3 in Unarmed Combat
   334 | D:1      | Gained mutation: You have sharp fingernails. [demonic
                  | ancestry]
   334 | D:1      | Reached XP level 3. HP: 29/29 MP: 3/3
   716 | D:3      | Reached skill level 4 in Unarmed Combat
   716 | D:3      | Reached XP level 4. HP: 35/35 MP: 4/4
   960 | D:3      | Noticed Jessica
   971 | D:3      | Killed Jessica
   972 | D:3      | Reached skill level 5 in Unarmed Combat
   972 | D:3      | Gained mutation: You have very sharp fingernails. [demonic
                  | ancestry]
   972 | D:3      | Reached XP level 5. HP: 31/41 MP: 5/5
  1112 | D:4      | Noticed a phantom
  1137 | D:4      | Killed a phantom
  1138 | D:4      | Reached XP level 6. HP: 24/47 MP: 6/6
  1328 | D:4      | Reached skill level 6 in Unarmed Combat
  1553 | D:4      | Found a faded altar of an unknown god.
  1555 | D:4      | Found a hazy altar of Hepliaklqana.
  1601 | D:5      | Entered Level 5 of the Dungeon
  1620 | D:5      | Reached skill level 7 in Unarmed Combat
  1620 | D:5      | Reached XP level 7. HP: 44/52 MP: 7/7
  1959 | D:5      | Noticed Eustachio
  2027 | D:5      | Killed Eustachio
  2028 | D:5      | Reached skill level 8 in Unarmed Combat
  2042 | D:5      | Noticed Pikel
  2085 | D:5      | Killed Pikel
  2086 | D:5      | Reached skill level 9 in Unarmed Combat
  2086 | D:5      | Gained mutation: You have a small tail. [demonic ancestry]
  2086 | D:5      | Reached XP level 8. HP: 17/60 MP: 8/8
  2262 | D:5      | Found a transporter.
  2266 | D:5      | Found an ornate altar of the Wu Jian Council.
  2284 | D:5      | Found a transporter.
  2305 | D:5      | Reached skill level 5 in Fighting
  2330 | D:5      | Became a worshipper of the Wu Jian Council
  2522 | D:6      | You are sucked into a shaft and drop 1 floor!
  2544 | D:7      | Reached skill level 10 in Unarmed Combat
  2597 | D:7      | HP: 2/62 [orc warrior/+0 halberd (10)]
  2813 | D:7      | Found an opulent altar of Gozag.
  2921 | D:7      | Gained mutation: You sometimes gain a little power by
                  | taking damage. [demonic ancestry]
  2921 | D:7      | Reached XP level 9. HP: 68/68 MP: 9/9
  2938 | D:7      | Found a flagged portal.
  2943 | Bailey   | Entered a bailey
  2989 | Bailey   | Reached * piety under Wu Jian
  3023 | Bailey   | Reached skill level 11 in Unarmed Combat
  3807 | Bailey   | Reached skill level 1 in Shapeshifting
  3814 | Bailey   | Found an iron altar of Okawaru.
  3815 | Bailey   | Noticed a kobold demonologist
  3816 | Bailey   | Noticed a kobold demonologist
  3818 | Bailey   | Noticed an ice devil
  3820 | Bailey   | Noticed a hellwing
  3823 | Bailey   | Noticed a soul eater
  4165 | Bailey   | Noticed a rust devil
  4165 | Bailey   | Killed a kobold demonologist
  4172 | Bailey   | Got the Tome of the Nocuous Congregation
  4189 | Bailey   | Killed a kobold demonologist
  4296 | D:7      | Found an iron altar of Okawaru.
  4367 | D:7      | Acquired 885 gold pieces
  4497 | D:8      | Gained mutation: You have a pair of antennae on your head.
                  | [demonic ancestry]
  4497 | D:8      | Reached XP level 10. HP: 29/74 MP: 10/10
  4718 | D:8      | Reached skill level 12 in Unarmed Combat
  4721 | D:8      | Reached ** piety under Wu Jian
  5046 | D:8      | Found a shadowy altar of Dithmenos.
  5591 | D:10     | Entered Level 10 of the Dungeon
  5603 | D:10     | Reached skill level 5 in Shields
  5857 | D:10     | Found a staircase to the Lair.
  6109 | D:10     | Noticed a two-headed ogre
  6115 | D:10     | Killed a two-headed ogre
  6115 | D:10     | Reached *** piety under Wu Jian
  6116 | D:10     | Gained mutation: You are faintly shadowed, very rarely
                  | releasing foul flame when damaged in melee. [demonic
                  | ancestry]
  6116 | D:10     | Reached XP level 11. HP: 16/79 MP: 11/11
  6307 | D:11     | Found Dopok's Book Boutique.
  6353 | D:11     | Noticed Urug
  6367 | D:11     | Killed Urug
  6471 | D:11     | Found a gate leading to a gauntlet.
  6471 | D:11     | Noticed a two-headed ogre
  6488 | D:11     | Killed a two-headed ogre
  6507 | Gauntlet | Entered a Gauntlet
  6507 | Gauntlet | Found a transporter.
  6645 | Gauntlet | Noticed an oklob plant
  6646 | Gauntlet | Found a transporter.
  6648 | Gauntlet | Found a transporter.
  6654 | Gauntlet | Noticed an oklob plant
  6655 | Gauntlet | Found a transporter.
  6670 | Gauntlet | Found a transporter.
  6675 | Gauntlet | Found a transporter.
  6676 | Gauntlet | Noticed a thrashing horror
  6684 | Gauntlet | Noticed a thrashing horror
  6690 | Gauntlet | Found a transporter.
  6709 | Gauntlet | Found a transporter.
  6717 | Gauntlet | Found a large runed translucent door.
  6718 | Gauntlet | Found a large runed translucent door.
  6719 | Gauntlet | Found a large runed translucent door.
  6719 | Gauntlet | Found a large runed translucent door.
  6720 | Gauntlet | Found a runed translucent gate.
  6721 | Gauntlet | Found a transporter.
  6721 | Gauntlet | Found a runed translucent gate.
  6722 | Gauntlet | Found a runed translucent gate.
  6723 | Gauntlet | Found a large runed translucent door.
  6723 | Gauntlet | Found a large runed translucent door.
  6724 | Gauntlet | Found a large runed translucent door.
  6725 | Gauntlet | Found a large runed translucent door.
  6733 | Gauntlet | Found a transporter.
  6735 | Gauntlet | Found a large runed translucent door.
  6735 | Gauntlet | Found a large runed translucent door.
  6735 | Gauntlet | Found a runed translucent door.
  6735 | Gauntlet | Found a runed translucent door.
  6736 | Gauntlet | Found a large runed translucent door.
  6737 | Gauntlet | Found a large runed translucent door.
  6752 | Gauntlet | Found a transporter.
  6753 | Gauntlet | Noticed a five-headed hydra
  6764 | Gauntlet | Found a transporter.
  6764 | Gauntlet | Noticed an obsidian statue
  6781 | Gauntlet | Found a transporter.
  6798 | Gauntlet | Found a transporter.
  6803 | Gauntlet | Found a transporter.
  6803 | Gauntlet | Noticed a fire crab
  7035 | Gauntlet | Found a transporter.
  7037 | Gauntlet | Found a large runed translucent door.
  7039 | Gauntlet | Found a transporter.
  7039 | Gauntlet | Found a large runed translucent door.
  7051 | Gauntlet | Killed an oklob plant
  7066 | Gauntlet | Found a transporter.
  7090 | Gauntlet | Killed a fire crab
  7380 | Gauntlet | Noticed a sun demon
  7397 | Gauntlet | HP: 2/84 [sun demon[an obsidian statue] (16)]
  7397 | Gauntlet | Mangled by a sun demon

Illustrated notes

Levels and vault maps discovered:
D:1:      saegor_arrival_under_anarchy, layout_loops_ring, st_stairs_3
D:2:      layout_basic
D:3:      layout_loops_ring, hangedman_feature_mirror, uniq_jessica
D:4:      layout_rooms, beargit_hepliaklqana_dungeon_heroes,
          minmay_temple_entry_statues
D:5:      layout_basic, gammafunk_temple_overflow_arena, lemuel_tele_altar,
          uniq_menkaure, uniq_pikel, uniq_eustachio
D:6:      cheibrodos_fertilizer, layout_gridville
D:7:      layout_basic, grunt_temple_overflow_gold_and_silver,
          lemuel_coloured_pillars_altar, okawaru_trees_2, enter_bailey_3,
          st_stairs_7, grunt_decor_arrowhead, grunt_ministairs_9,
          minmay_misc_feat_chi
D:8:      layout_basic, grunt_dithmenos_smoke
D:9:      minmay_bubble_buster, layout_stronghold,
          hangedman_abyss_or_decor_jellyfish_corner
D:10:     layout_loops_cross, lair_entry_dummy
D:11:     layout_stronghold, gauntlet_entry_generic, serial_shops, shop,
          shop_statue, nicolae_shop_tiny_waterfront, nicolae_lakefront_shop,
          uniq_urug
Gauntlet: gammafunk_gauntlet_one_two_three [nicolae_gauntlet_arena_t_cross,
          gammafunk_gauntlet_arena_spirals,
          gammafunk_gauntlet_arena_split_diamond,
          nicolae_gauntlet_arena_grate_2, gammafunk_gauntlet_arena_teeth,
          nicolae_gauntlet_swirl, minmay_gauntlet_arena_make_your_own_arena,
          gammafunk_gauntlet_arena_grid, gammafunk_gauntlet_arena_mazey,
          gauntlet_exit_watery]

Skill      XL: |  1  2  3  4  5  6  7  8  9 10 11 |
---------------+----------------------------------+-----
Unarmed Combat | 2 3 4 5 7 9 10 11 12 | 12.7
Fighting       | 4 5 7 |  7.6
Shapeshifting  | 4 |  4.0
Shields        | 7 8 |  8.0
Armour         | |  2.6

Action                     |  1- 3 |  4- 6 |  7- 9 | 10-12 || total
---------------------------+-------+-------+-------+-------++-------
  Melee: Unarmed           |   196 |   211 |   320 |   261 ||   988
         Tailslap          |       |       |    24 |    47 ||    71
 Invoke: Serpent's Lash    |       |       |       |     1 ||     1
Ability: Lunge             |       |       |    23 |    19 ||    42
         Whirlwind         |       |       |     4 |    32 ||    36
  Evoke: Wand              |       |       |     5 |       ||     5
    Use: Potion            |       |       |     1 |     2 ||     3
         Scroll            |       |       |     7 |     1 ||     8
 Armour: Scale mail        |   102 |     3 |       |       ||   105
         Chain mail        |       |   108 |   216 |   153 ||   477
  Dodge: Dodged            |    68 |    45 |    62 |    32 ||   207
  Block: Buckler           |    61 |    77 |   116 |    87 ||   341
         Reflection        |     3 |     4 |       |     5 ||    12

Table legend: (Time is in decaauts)
 A = Elapsed time spent in this place.
 B = Non-inter-level travel time spent in this place.
 C = Inter-level travel time spent in this place.
 D = Time resting spent in this place.
 E = Time spent auto-exploring this place.
 F = Levels seen in this place.
 G = Mean time per level.
                   A        B        C        D        E       F      G
               +--------+--------+--------+--------+--------+-----+--------+
         Total |   7311 |   7165 |    146 |   2988 |      0 |  13 |  562.4 |
       Dungeon |   5164 |   5018 |    146 |   1606 |      0 |  11 |  469.5 |
        Bailey |   1265 |   1265 |      0 |    842 |      0 |   1 | 1265.0 |
      Gauntlet |    881 |    881 |      0 |    540 |      0 |   1 |  881.0 |
               +--------+--------+--------+--------+--------+-----+--------+

Top non-repeatable levels by time:
  Bailey: 1265 daAuts
Gauntlet: 881 daAuts
     D:5: 804 daAuts
    D:10: 704 daAuts
     D:8: 674 daAuts
     D:7: 615 daAuts
     D:4: 558 daAuts
     D:9: 475 daAuts
     D:1: 443 daAuts
     D:3: 337 daAuts
     D:2: 252 daAuts
    D:11: 197 daAuts
     D:6: 100 daAuts
